Map: Ice and Chrome LE

Players

oatmeeL

  • Race: Terran Terran
  • League: Diamond
  • Spawn Location: 7:00

Roach - Winner!

  • Race: Protoss Protoss
  • League: Master
  • Spawn Location: 1:00

VOD

Have the link to the VOD?

Description

Time

  • Played on: Sept. 22, 2020, 8:47 p.m.
  • Length: 17:33
Show
View Real Time Build Order
Export as new Build Order

oatmeeL Terran 

Build Orders:  

Get SALT Encoding   

  12  0:00  SCV  
  13  0:12  SCV  
  14  0:18  Supply Depot  
  14  0:24  SCV  
  15  0:29  Refinery  
  15  0:40  SCV  
  16  0:45  Barracks  
  16  0:52  SCV  
  17  0:59  Refinery  
  17  1:06  SCV  
  18  1:20  SCV  
  19  1:32  Supply Depot  
  19  1:38  Marine  
  20  1:51  Orbital Command  
  20  1:59  Bunker  
  20  2:04  Marine  
  21  2:19  SCV  
  22  2:30  Marine  
  22  2:33  SCV, Factory  
  24  2:48  SCV  
  24  2:49  Reaper  
  26  2:54  Supply Depot  
  26  3:01  SCV  
  27  3:13  SCV  
  30  3:20  Starport  
  30  3:26  SCV  
  30  3:38  SCV  
  30  3:39  Factory Tech Lab  
  29  3:43  Marine  
  30  3:48  Engineering Bay  
  30  3:49  Barracks  
  30  3:50  Barracks  
  30  3:57  SCV  
  30  3:58  Viking  
  30  3:59  Cyclone  
  30  4:01  Mag-Field Accelerator, Marine  
  37  4:07  Supply Depot  
  37  4:14  Supply Depot  
  37  4:20  Missile Turret  
  37  4:24  Missile Turret  
  37  4:30  Missile Turret  
  36  4:52  Barracks Reactor x2  
  36  4:54  Viking  
  38  5:02  SCV, Supply Depot  
  38  5:04  Supply Depot  
  39  5:08  Barracks Tech Lab  
  39  5:24  Cyclone  
  42  5:31  Marine x4  
  42  5:33  Barracks Tech Lab  
  42  5:34  Viking  
  48  5:47  SCV  
  48  5:49  Marine x4  
  53  6:07  Marine x2  
  54  6:17  Supply Depot  
  54  6:18  Supply Depot  
  54  6:36  Barracks  
  54  6:39  Viking, Cyclone  
  59  6:40  Barracks Tech Lab  
  53  6:58  Marine x3  
  51  7:09  Viking  
  51  7:11  Cyclone  
  55  7:16  Marine x3  
  58  7:29  SCV  
  59  7:32  Stimpack  
  59  7:33  Marine  
  59  7:34  Marine x2  
  62  7:55  Marine x3  
  62  7:57  Cyclone  
  68  8:01  Supply Depot  
  68  8:05  Supply Depot  
  66  8:13  Marine x3  
  66  8:19  Terran Infantry Weapons Level 1  
  69  8:30  Marine  
  69  9:00  Marine x3  
  65  9:18  Marine x3  
  65  9:19  Cyclone  
  74  9:32  Medivac  
  74  9:36  Marine  
  74  9:38  Supply Depot  
  65  10:21  Marine x3  
  49  10:23  Cyclone  
  55  10:39  Marine x3  
  58  11:14  Command Center  
  58  11:42  Cyclone  
  61  12:10  Viking  
  61  12:14  Cyclone  
  66  12:27  Orbital Command  
  66  12:44  Viking  
  68  12:46  Cyclone  
  71  13:04  SCV  
  72  13:16  SCV  
  73  13:25  Cyclone  
  73  13:26  Viking  
  73  13:27  Marine x3  
  78  13:29  SCV  
  82  13:41  SCV  
  83  13:44  Marine  
  84  13:53  SCV  
  85  13:59  Cyclone  
  85  14:00  Viking  
  85  14:01  Marine  
  85  14:02  Marine x2  
  94  14:10  SCV  
  94  14:13  Combat Shield  
  95  14:17  SCV  
  95  14:19  Marine x2  
  95  14:20  Marine  
  95  14:22  SCV  
  90  14:39  Marine  
  90  14:40  Marine x2  
  90  14:41  Viking, Cyclone  
  96  14:57  Marine x3  
  81  15:27  Marine x3  
  81  15:28  Cyclone  
  54  15:53  Marine x3  
  54  15:55  Viking  
  55  16:28  Cyclone  
  57  16:51  SCV  
  58  17:03  SCV  
  59  17:15  Marine x3  
Show
View Real Time Build Order
Export as new Build Order

Roach Protoss - Winner!

Build Orders:  

Get SALT Encoding   

  12  0:00  Probe  
  13  0:12  Probe  
  14  0:19  Pylon  
  14  0:24  Probe (Chrono Boost)  
  15  0:37  Probe (Chrono Boost)  
  15  0:39  Forge  
  16  0:46  Probe (Chrono Boost)  
  17  0:51  Probe  
  18  1:00  Pylon  
  18  1:22  Gateway  
  18  1:23  Pylon  
  18  1:27  Photon Cannon  
  18  1:33  Pylon  
  17  1:42  Probe, Pylon  
  17  1:45  Assimilator  
  18  1:49  Assimilator  
  18  2:02  Photon Cannon  
  18  2:03  Probe (Chrono Boost)  
  19  2:10  Cybernetics Core  
  20  2:15  Probe (Chrono Boost)  
  20  2:22  Probe (Chrono Boost)  
  21  2:34  Probe (Chrono Boost)  
  21  2:35  Photon Cannon  
  23  2:45  Probe (Chrono Boost)  
  23  2:46  Stargate  
  23  2:51  Pylon  
  24  3:05  Probe  
  24  3:10  Photon Cannon  
  24  3:15  Photon Cannon  
  24  3:21  Void Ray (Chrono Boost)  
  28  3:39  Photon Cannon  
  28  3:42  Shield Battery  
  28  4:04  Photon Cannon  
  28  4:11  Fleet Beacon  
  28  4:21  Photon Cannon  
  28  4:57  Tempest (Chrono Boost)  
  28  5:03  Photon Cannon  
  28  5:06  Shield Battery  
  33  5:09  Shield Battery  
  33  5:16  Shield Battery  
  33  5:26  Shield Battery  
  33  5:27  Warp Gate  
  33  5:30  Tempest (Chrono Boost)  
  38  5:49  Photon Cannon  
  38  6:17  Nexus  
  38  6:18  Pylon  
  38  6:29  Pylon  
  38  6:37  Shield Battery  
  34  7:10  Tempest (Chrono Boost)  
  34  7:24  Gateway  
  34  7:25  Gateway  
  34  7:28  Gateway  
  34  7:29  Gateway  
  34  7:31  Probe x2  
  36  7:38  Pylon  
  31  7:59  Tempest (Chrono Boost), Probe x2  
  38  8:14  Probe  
  39  8:25  Sentry x2  
  39  8:26  Stalker  
  45  8:27  Probe  
  45  8:32  Pylon  
  45  8:33  Tempest (Chrono Boost)  
  46  8:36  Probe  
  47  9:03  Probe  
  47  9:07  Tempest (Chrono Boost)  
  47  9:09  Stalker x2  
  57  9:24  Photon Cannon  
  57  9:26  Pylon  
  57  9:37  Stalker  
  57  9:38  Stalker x2  
  63  9:52  Oracle  
  60  10:23  Stalker x2  
  60  10:24  Stalker  
  66  10:42  Shield Battery  
  66  10:43  Shield Battery  
  66  10:44  Shield Battery  
  66  10:45  Shield Battery x3  
  66  10:46  Tempest (Chrono Boost)  
  71  11:07  Assimilator  
  71  11:08  Unknown  
  71  11:10  Protoss Air Weapons Level 1 (Chrono Boost)  
  71  11:13  Nexus  
  71  11:14  Probe x2  
  73  11:26  Probe x2  
  73  11:29  Tempest (Chrono Boost)  
  80  11:59  Probe  
  81  12:01  Tempest  
  81  12:02  Assimilator  
  81  12:06  Assimilator  
  86  12:18  Twilight Council  
  86  12:19  Pylon  
  86  12:20  Probe  
  86  12:22  Probe, Pylon  
  88  12:26  Probe  
  89  12:32  Probe  
  89  12:34  Probe  
  91  12:59  Tempest (Chrono Boost)  
  91  13:04  Charge (Chrono Boost), Probe  
  91  13:05  Probe x2  
  99  13:14  Gateway  
  99  13:16  Zealot x4  
  99  13:17  Probe  
  99  13:18  Probe x2  
  110  13:24  Assimilator  
  110  13:27  Assimilator  
  110  13:29  Probe  
  110  13:30  Probe x2  
  110  13:34  Protoss Air Weapons Level 2 (Chrono Boost)  
  113  13:41  Probe  
  114  13:42  Probe x2  
  114  13:43  Pylon  
  114  13:46  Zealot, Pylon  
  114  13:47  Zealot  
  120  13:53  Probe  
  118  14:13  Oracle  
  121  14:17  Pylon  
  121  14:20  Pylon  
  121  14:30  Zealot x5  
  121  14:50  Tempest  
  126  14:56  Zealot x4  
  126  14:57  Zealot  
  136  15:00  Nexus  
  136  15:03  Pylon  
  136  15:05  Pylon  
  121  15:49  Zealot x2  
  111  15:50  Zealot x3  
  117  16:01  Tempest (Chrono Boost)  
  117  16:10  Zealot x4  
  117  16:11  Zealot  
  132  16:23  Stargate x2  
  132  16:27  Stargate  
  132  16:29  Pylon  
  132  16:31  Pylon  
  132  16:34  Assimilator  
  132  16:39  Assimilator  
  132  16:41  Gateway  
  132  16:42  Gateway  
  132  16:45  Gateway  
  132  16:47  Gateway  
  132  16:49  Zealot x5  
  142  17:01  Forge  
  150  17:18  Zealot x5  
Tags
 
Add a new tag
Caveats
  • Supply blocks, unpowered buildings, or Contaminate may cause inaccurate times.
  • Supply counts are checked every 10 seconds.